 Dungeon Crawl Stone Soup version 0.31-a0-848-gaac375c287 (webtiles) character file.

Game seed: 6549919826461035150

1 Flugkiller the Ruffian (level 1, -1/19 HPs)
             Began as an Octopode Shapeshifter on Oct 4, 2023.
             Slain by a gnoll
             ... wielding a +0 club
              (3 damage)
             ... on level 1 of the Dungeon.
             The game lasted 00:00:26 (65 turns).

Flugkiller the Ruffian (Octopode Shapeshifter)        Turns: 65, Time: 00:00:26

Health: -1/19      AC: 20    Str: 13    XL:     1   Next: 20%
Magic:  1/1        EV:  2    Int: 12    God:
Gold:   0          SH:  0    Dex: 11    Spells: 0/0 levels left

rFire   . .          .
                       - Unarmed
rCold   . . .        (no shield)
rNeg    . . .        (helmet currently unavailable)
rPois   +            (no amulet)
rElec   .            (no ring)
rCorr   .            (no ring)
SInv    .            (no ring)
Will    .....        (no ring)
Stlth   +            (no ring)
HPRegen 0.23/turn    (no ring)
MPRegen 0.07/turn    (no ring)
                     (no ring)

%: no passive effects
@: tree-form
A: stationary, stasis, torment immunity, boosted hp, almost no armour,
(amphibious), 8 rings, (camouflage 1), (gelatinous body 1), (nimble swimmer 1),
(tentacles)
a: no special abilities


You were on level 1 of the Dungeon.
You were a tree.
You visited 1 branch of the dungeon, and saw 1 of its levels.

Inventory:

Hand Weapons
 d - a +0 short sword
   (You found it on level 1 of the Dungeon)
Talismans
 b - a beast talisman
 c - a flux talisman


   Skills:
 - Level 1.0 Fighting
 - Level 2.0 Dodging
 + Level 0.8 Stealth
 - Level 3.0 Unarmed Combat
 - Level 3.0 Shapeshifting


You couldn't memorise any spells.
You didn't know any spells.
Your spell library was empty.

Dungeon Overview and Level Annotations

Branches:
Dungeon (1/15) Zot: 5934

Altars:


Innate Abilities, Weirdness & Mutations

You are a tree.
Your roots penetrate the ground, keeping you stationary.
You cannot be teleported.
You are immune to unholy pain and torment.
Your maximum health is greatly increased.
You cannot wear most types of armour.
((You are amphibious.))
You can wear up to eight rings at the same time.
((Your skin changes colour to match your surroundings (Stealth+).))
((Your rubbery body absorbs attacks. (AC +1, EV +1)))
((You are camouflaged when in or above water. (Stealth+)))
((You have tentacles for arms and can constrict up to eight enemies at once.))


Message History

Welcome, Flugkiller the Octopode Shapeshifter.
Are you destined to find the magnificent Orb of Zot, or to die trying?
Press ? for a list of commands and other information.
Found a staircase leading out of the dungeon.
Found a short sword.
The formicid shouts!
The demonspawn shouts!
The demonspawn shouts!
You see here a +0 short sword.
You see here a +0 short sword.
d - a +0 short sword The vine stalker shouts!
Found an escape hatch in the floor.
You open the door.
There is an open door here.
A frilled lizard comes into view.
There is an open door here.
There is an escape hatch in the floor here.
You open the door.
There is an open door here.
An endoplasm comes into view.
Found a stone staircase leading down.
A gnoll comes into view. It is wielding a +0 club.
The gnoll shouts!
The endoplasm quivers.
The endoplasm hits you.
You tentacle-slap the endoplasm.
The endoplasm is lightly wounded.
Okay, then.
You tentacle-slap the endoplasm.
The endoplasm is almost dead.
The endoplasm barely misses you.
You bludgeon the endoplasm!
You kill the endoplasm!
You completely miss the gnoll. You grab the gnoll. You constrict the gnoll.
The gnoll hits you with a +0 club!
Ouch! That really hurt!
Your transformation has ended.
You turn into a tree.
Your roots penetrate the ground.
You lose your grip on the gnoll.
The gnoll hits you but does no damage.
Unknown command.
You completely miss the gnoll.
The gnoll is lightly wounded.
The gnoll hits you with a +0 club.
You barely miss the gnoll.
The gnoll is lightly wounded.
The gnoll hits you with a +0 club.
* * * LOW HITPOINT WARNING * * *
Unknown command.
You hit the gnoll.
The gnoll is heavily wounded.
The gnoll hits you but does no damage.
Unknown command.
You hit the gnoll.
The gnoll is almost dead.
The gnoll hits you with a +0 club.
You die...

#.############^#Z#6########
##'##Z#.......#######......##
##...###.#####..............<#
^#.>.....#f#Z#####..........##
##...#########Z#Z############
##'##M#Z# #####Z#Z#Z#O#6#
#.###### #################
#.########....###
#.............♣.#
###########..##g# #..# ..#
#.>...... ######.### .# .# .#


You could see a gnoll.

Vanquished Creatures
  An endoplasm (D:1)
1 creature vanquished.

Notes
Turn   | Place    | Note
-------+----------+-------------------------------------------
     0 | D:1      | Flugkiller the Octopode Shapeshifter began the quest for
                  | the Orb.
     0 | D:1      | Reached XP level 1. HP: 13/13 MP: 1/1
     0 | D:1      | Noticed a demonspawn
     0 | D:1      | Noticed a minotaur zombie
     2 | D:1      | Noticed a formicid
     2 | D:1      | Noticed an ogre
     5 | D:1      | Noticed a demonspawn
     8 | D:1      | Noticed a minotaur skeleton
    21 | D:1      | Noticed a vine stalker
    65 | D:1      | Slain by a gnoll

Illustrated notes

Levels and vault maps discovered:
D:1:      shiori_arrival_whats_in_store_for_you, layout_loops_ring

Action                     || total
---------------------------++-------
  Melee: Unarmed           ||     8
         Constrict         ||     1
    Use: Potion            ||     1
 Armour: Skin              ||     7
  Dodge: Dodged            ||     1

Table legend: (Time is in decaauts)
 A = Elapsed time spent in this place.
 B = Non-inter-level travel time spent in this place.
 C = Inter-level travel time spent in this place.
 D = Time resting spent in this place.
 E = Time spent auto-exploring this place.
 F = Levels seen in this place.
 G = Mean time per level.
                   A        B        C        D        E       F      G
               +--------+--------+--------+--------+--------+-----+--------+
         Total |     64 |     64 |      0 |      0 |      0 |   1 |   64.0 |
       Dungeon |     64 |     64 |      0 |      0 |      0 |   1 |   64.0 |
               +--------+--------+--------+--------+--------+-----+--------+

Top non-repeatable levels by time:
     D:1: 64 daAuts
